 Dungeon Crawl Stone Soup version 0.31-a0-435-g2c6fae2916 (webtiles) character file.

Game seed: 12123500697329724811

275 Newt the Slasher (level 6, 0/51 HPs)
             Began as a Barachi Fighter on Aug 1, 2023.
             Slain by a worm (1 damage)
             ... on level 3 of the Dungeon.
             The game lasted 00:02:07 (1854 turns).

Newt the Slasher (Barachi Fighter)                  Turns: 1854, Time: 00:02:08

Health: 0/51       AC:  8    Str: 19    XL:     6   Next: 25%
Magic:  6/6        EV:  9    Int:  8    God:
Gold:   92         SH:  6    Dex: 12    Spells: 5/5 levels left

rFire   . . .        a - +0 long sword
rCold   . . .        c - +2 buckler
rNeg    . . .        b - +0 scale mail
rPois   .            i - +0 helmet
rElec   .            (no cloak)
rCorr   .            (no gloves)
SInv    .            (no boots)
Will    .....        (no amulet) Stlth
                     (no ring)
HPRegen 0.28/turn    (no ring)
MPRegen 0.10/turn

%: no passive effects
@: slow
A: amphibious, slowness 1, strong legs 1, +LOS
a: Hop


You were on level 3 of the Dungeon.
You visited 1 branch of the dungeon, and saw 3 of its levels.

You collected 92 gold pieces.

Inventory:

Hand Weapons
 a - a +0 long sword (weapon)
Armour
 b - a +0 scale mail (worn)
 c - a +2 buckler (worn)
 i - a +0 helmet (worn)
Jewellery
 f - a ring of ice
Scrolls
 j - a scroll of blinking {unknown}
 k - a scroll of identify
Potions
 d - 2 potions of might
 e - a potion of brilliance
 g - a potion of invisibility {unknown}
 h - a potion of curing
 l - a potion of degeneration {unknown}


   Skills:
 - Level 5.0 Fighting
 - Level 6.0 Long Blades
 + Level 5.0 Armour
 - Level 3.2 Shields


You had 5 spell levels left.
You didn't know any spells.
Your spell library contained the following spells:

 Spells                   Type           Power      Damage    Failure   Level
 Cigotuvi's Dreadful Rot  Necr/Pois/Air  0%         N/A       93%         2
 Call Canine Familiar     Summ           0%         N/A       99%         3
 Portal Projectile        Hex/Tloc       0%         N/A       99%         3
 Dispel Undead            Necr           0%         3d6       100%        4
 Leda's Liquefaction      Hex/Erth       0%         N/A       100%        4
 Death Channel            Necr           0%         N/A       100%        6


Dungeon Overview and Level Annotations

Branches:
Dungeon (3/15)

Altars:


Innate Abilities, Weirdness & Mutations

You are amphibious.
You cover ground slowly.
You can hop short distances.
You have an extended range of vision and can be seen from far away.


Message History

The gnoll sergeant is lightly wounded.
The gnoll sergeant hits you with a +0 trident.
You hit the gnoll sergeant but do no damage.
The gnoll sergeant is lightly wounded.
The gnoll sergeant hits you with a +0 trident.
The worm bites you but does no damage.
You hit the gnoll sergeant.
The gnoll sergeant is lightly wounded.
The gnoll sergeant hits you with a +0 trident.
The worm bites you.
The gnoll sergeant hits you with a +0 trident.
You closely miss the gnoll sergeant.
The gnoll sergeant is lightly wounded.
The gnoll sergeant hits you with a +0 trident!
You are too injured to fight recklessly!
You are too injured to fight recklessly!
You are too injured to fight recklessly!
You are too injured to fight recklessly!
You are too injured to fight recklessly!
You are too injured to fight recklessly!
You are too injured to fight recklessly!
You are too injured to fight recklessly!
You are too injured to fight recklessly!
You are too injured to fight recklessly!
You are too injured to fight recklessly!
You are too injured to fight recklessly!
You are too injured to fight recklessly!
You are too injured to fight recklessly!
You are too injured to fight recklessly!
Unknown command.
The gnoll sergeant attacks as you move away!
The gnoll sergeant hits you with a +0 trident!
* * * LOW HITPOINT WARNING * * *
The gnoll sergeant misses you.
There is a stone staircase leading up here.
Unknown command.
The gnoll sergeant hits you from afar with a +0 trident.
* * * LOW HITPOINT WARNING * * *
The worm bites you.
You die...

###########
######.........#
#..............#
#..............##
#...........@w..#
#...............#
#.............g.#
#.....#########.#
####.....#########.########
.........'...............>#
####.<...#########.######.#
#.....# #.# ####### #w#####


You could see a gnoll sergeant and a worm.

Vanquished Creatures
  Sigmund (D:2)
  An orc priest (D:3)
  Robin (D:3)
  An adder (D:3)
  A worm (D:2)
  2 orcs (D:3)
  4 endoplasms
  3 giant cockroaches
  11 goblins
  10 hobgoblins
  4 jackals (D:1)
  2 kobolds (D:1)
  A quokka (D:2)
  A ball python (D:1)
  8 bats
  4 frilled lizards
  5 rats
60 creatures vanquished.

Notes
Turn   | Place    | Note
-------+----------+-------------------------------------------
     0 | D:1      | Newt the Barachi Fighter began the quest for the Orb.
     0 | D:1      | Reached XP level 1. HP: 18/18 MP: 1/1
    59 | D:1      | Reached XP level 2. HP: 25/25 MP: 2/2
   292 | D:1      | Reached XP level 3. HP: 31/32 MP: 3/3
   293 | D:1      | Reached skill level 5 in Fighting
   622 | D:2      | Reached skill level 3 in Long Blades
   710 | D:2      | Found a faded altar of an unknown god.
  1142 | D:2      | Noticed Sigmund
  1158 | D:2      | Killed Sigmund
  1159 | D:2      | Reached skill level 6 in Long Blades
  1159 | D:2      | Reached XP level 4. HP: 30/39 MP: 4/4
  1159 | D:2      | Reached XP level 5. HP: 34/44 MP: 5/5
  1336 | D:3      | Reached XP level 6. HP: 49/51 MP: 6/6
  1378 | D:3      | Noticed Robin
  1393 | D:3      | Killed Robin
  1491 | D:3      | Reached skill level 5 in Armour
  1854 | D:3      | HP: 1/51 [gnoll sergeant/+0 trident (6)]
  1854 | D:3      | Slain by a worm

Illustrated notes

Levels and vault maps discovered:
D:1:      grunt_arrival_lava_bath, layout_basic
D:2:      layout_loops_cross, shapermc_ecumenical_altar_mp_highgroup,
          uniq_sigmund
D:3:      layout_basic, grunt_decor_mini_mirrors, minmay_pentangle, uniq_robin,
          uniq_ijyb

Skill      XL: |  1  2  3  4  5  6 |
---------------+-------------------+-----
Fighting       | 4 5 |  5.0
Long Blades    | 6 |  6.0
Armour         | 4 5 |  5.0
Shields        | |  3.2

Action                     |  1- 3 |  4- 6 || total
---------------------------+-------+-------++-------
  Melee: Long sword        |   152 |    88 ||   240
    Use: Scroll            |     6 |       ||     6
         Potion            |       |     1 ||     1
 Armour: Scale mail        |    79 |    49 ||   128
  Dodge: Dodged            |    98 |    39 ||   137
  Block: Buckler           |    42 |    44 ||    86

Table legend: (Time is in decaauts)
 A = Elapsed time spent in this place.
 B = Non-inter-level travel time spent in this place.
 C = Inter-level travel time spent in this place.
 D = Time resting spent in this place.
 E = Time spent auto-exploring this place.
 F = Levels seen in this place.
 G = Mean time per level.
                   A        B        C        D        E       F      G
               +--------+--------+--------+--------+--------+-----+--------+
         Total |   2110 |   2065 |     45 |    342 |   1195 |   3 |  703.3 |
       Dungeon |   2110 |   2065 |     45 |    342 |   1195 |   3 |  703.3 |
               +--------+--------+--------+--------+--------+-----+--------+

Top non-repeatable levels by time:
     D:2: 1150 daAuts
     D:1: 690 daAuts
     D:3: 270 daAuts
